 Dungeon Crawl Stone Soup version 0.20.1-1-g8b1a95d (webtiles) character file.

358 equalderp2856 the Shield-Bearer (level 6, -4/53 HPs)
             Began as a Minotaur Fighter on Aug 13, 2017.
             Slain by a wight
             ... wielding a +1 great sword of freezing
              (6 damage)
             ... on level 4 of the Dungeon.
             The game lasted 00:04:54 (3585 turns).

equalderp2856 the Shield-Bearer (Minotaur Fighter)  Turns: 3585, Time: 00:04:55

Health: -4/53      AC: 12    Str: 21    XL:     6   Next: 37%
Magic:  5/5        EV:  4    Int:  5    God:
Gold:   108        SH:  9    Dex: 11    Spells: 5/5 levels left

rFire    . . .     SeeInvis .   a - +0 war axe
rCold    . . .     Gourm    .   c - +0 shield
rNeg     . . .     Faith    .   B - +0 plate armour
rPois    .         Spirit   .   (helmet restricted)
rElec    .         Reflect  .   (no cloak)
rCorr    .         Harm     .   (no gloves)
MR       .....                  k - +0 pair of boots
Stlth    ..........             (no amulet)
Regen    0.2/turn               (no ring)
MPRegen  0.1/turn               (no ring)

@: heavily drained
A: retaliatory headbutt, horns 2
a: no special abilities


You were on level 4 of the Dungeon.
You were hungry.

You visited 1 branch of the dungeon, and saw 4 of its levels.

You collected 108 gold pieces.

Inventory:

Hand Weapons
 a - a +0 war axe (weapon)
 C - a +0 hunting sling
 D - a +0 trident
Missiles
 n - 6 tomahawks (quivered)
 o - 52 arrows
 p - 240 stones
 q - 3 javelins of penetration
 r - 18 bolts
 E - 16 poisoned needles
Armour
 b - a +0 scale mail
 c - a +0 shield (worn)
 k - a +0 pair of boots (worn)
 B - a +0 plate armour (worn)
Jewellery
 x - a cursed amulet of inaccuracy {unknown}
 G - a +5 ring of protection {unknown}
 J - a cursed -3 ring of strength {unknown}
Scrolls
 g - a scroll of enchant weapon {unknown}
 i - 6 scrolls of remove curse {unknown}
 j - 5 scrolls of identify {unknown}
 v - 2 scrolls of recharging {unknown}
 w - 2 scrolls of amnesia {unknown}
 y - a scroll of fog {unknown}
 H - a scroll of random uselessness {unknown}
 I - a scroll of blinking {unknown}
 K - a scroll of teleportation {unknown}
Potions
 d - a potion of might
 e - a potion of lignification {unknown}
 h - a potion of degeneration {unknown}
 l - a potion of mutation {unknown}
 m - 2 potions of magic {unknown}
 s - a potion of cancellation {unknown}
 t - 4 potions of heal wounds {unknown}
 z - a potion of flight {unknown}
 F - 2 potions of curing
Comestibles
 f - 3 bread rations
 u - 2 fruits
 A - a meat ration


   Skills:
 + Level 4.6(3.3) Fighting
 + Level 5.3(4.0) Axes
 + Level 5.0(3.7) Armour
 + Level 1.0(0.0) Dodging
 + Level 5.3(4.0) Shields


You had 5 spell levels left.
You didn't know any spells.

Dungeon Overview and Level Annotations

Branches:
Dungeon (4/15)
 Temple: D:4-7

Altars:
Ru
Uskayaw

Annotations:
D:4 Thaneod's ghost, amateur MiBe


Innate Abilities, Weirdness & Mutations

You reflexively headbutt those who attack you in melee.
You have a pair of horns on your head.


Message History

The wight is severely damaged.
The wight hits you from afar with a spear of freezing.
You feel drained. The wight freezes you.
The wight hits you with a great sword of freezing!
You feel drained. The wight freezes you.
You closely miss the wight.
The wight is severely damaged.
The wight hits you but does no damage. The wight completely misses you.
Your shield and plate armour prevent you from hitting the wight.
The wight is severely damaged.
You block the wight's attack.
The wight hits you with a great sword of freezing!
The wight freezes you.
* * * LOW HITPOINT WARNING * * *
You block the wight's attack.
There is a stone staircase leading up, spattered with blood here.
The wight hits you with a great sword of freezing!
* * * LOW HITPOINT WARNING * * *
You feel drained.
You die...

##.? #.#...... #..
#.#......
######.####.#.#....
#.........#...#....
#.........#..##....
#.............#....
#.^.......#........
#....z..zz...##....
#.@z..z.....#######
######.....##
#.....# #.....#
#.....# #.....#
#.....# #.....#
#.....#


You could see 5 wights.

Vanquished Creatures
  Blork the orc (D:4)
  2 orc wizards (D:3)
  A worker ant (D:4)
  Terence (D:3)
  A gnoll (D:1)
  9 adders
  4 worms
  3 dart slugs
  A leopard gecko (D:3)
  5 orcs
  7 bats
  5 giant cockroaches
  9 goblins
  12 hobgoblins
  4 jackals
  12 kobolds
  3 quokkas
  7 frilled lizards
  A quokka skeleton (D:4)
  6 rats
94 creatures vanquished.

Notes
Turn   | Place    | Note
-------+----------+-------------------------------------------
     0 | D:1      | equalderp2856 the Minotaur Fighter began the quest for the Orb.
     0 | D:1      | Reached XP level 1. HP: 19/19 MP: 0/0
   396 | D:1      | Reached XP level 2. HP: 24/27 MP: 1/1
   632 | D:1      | Reached XP level 3. HP: 33/33 MP: 2/2
  1377 | D:2      | Reached XP level 4. HP: 23/40 MP: 3/3
  1635 | D:2      | Found a hide-covered altar of Uskayaw.
  1657 | D:2      | Found a sacrificial altar of Ru.
  2412 | D:3      | Reached XP level 5. HP: 44/46 MP: 4/4
  2691 | D:3      | Noticed Terence
  2699 | D:3      | Killed Terence
  2699 | D:3      | Reached skill level 5 in Shields
  3090 | D:4      | Noticed Blork the orc
  3099 | D:4      | Noticed Thaneod's ghost (amateur MiBe)
  3103 | D:4      | Killed Blork the orc
  3103 | D:4      | Reached skill level 5 in Axes
  3103 | D:4      | Reached skill level 5 in Armour
  3103 | D:4      | Reached skill level 1 in Dodging
  3103 | D:4      | Reached XP level 6. HP: 39/53 MP: 5/5
  3585 | D:4      | HP: 2/53 [wight/great sword of freezing (14)]
  3585 | D:4      | Slain by a wight

Skill      XL: |  1  2  3  4  5 |
---------------+----------------+-----
Shields        | 4 5 |  5.3
Armour         | 4 5 |  5.0
Axes           | 3 4 5 |  5.3
Fighting       | 4 |  4.6
Dodging        | 1 |  1.0

Action                   |  1- 3 |  4- 6 || total
-------------------------+-------+-------++-------
Melee: War axe           |    86 |   174 ||   260
       Headbutt          |     9 |    21 ||    30
  Eat: Chunk             |       |     8 ||     8
Armor: Scale mail        |    42 |    72 ||   114
       Plate armour      |       |    27 ||    27
Dodge: Dodged            |    33 |    47 ||    80
Block: Shield            |    54 |   101 ||   155
